Map: Ruins of Endion

Players

Ziggy - Winner!

  • Race: Terran Terran
  • League: Grandmaster

ThisGameSuck

  • Race: Protoss Protoss
  • League: Grandmaster

VOD

Have the link to the VOD?

Description

Time

  • Played on: June 29, 2016, 8:47 a.m.
  • Length: 11:52
Show
View Real Time Build Order
Export as new Build Order

Ziggy Terran - Winner!

Build Orders: Reaper Expand, MMM Bio 

Get SALT Encoding   

  12  0:01  SCV  
  13  0:13  SCV  
  14  0:18  Supply Depot  
  14  0:25  SCV  
  15  0:39  SCV  
  15  0:40  Barracks  
  16  0:45  Refinery  
  16  0:51  SCV  
  17  1:03  SCV  
  18  1:15  SCV  
  19  1:28  Reaper, Orbital Command  
  20  1:43  Command Center  
  20  1:54  Supply Depot  
  20  1:55  SCV  
  21  2:06  Barracks Reactor  
  21  2:07  SCV  
  22  2:16  Barracks  
  22  2:19  SCV  
  23  2:23  Factory  
  23  2:31  SCV  
  23  2:33  Refinery  
  24  2:43  SCV  
  24  2:44  Marine x2  
  27  2:55  SCV  
  28  3:00  Orbital Command  
  28  3:02  Marine x2  
  30  3:09  Starport  
  30  3:10  Widow Mine  
  31  3:13  Barracks Tech Lab  
  31  3:14  SCV  
  32  3:20  Marine x2  
  32  3:25  SCV  
  32  3:26  SCV  
  36  3:34  Stimpack  
  36  3:36  Marine  
  36  3:39  Widow Mine  
  36  3:40  SCV  
  36  3:41  SCV  
  41  3:44  Supply Depot  
  41  3:49  Medivac  
  41  3:53  SCV x2  
  45  3:55  Supply Depot  
  45  4:02  Marine  
  46  4:05  Marine x2  
  46  4:06  Engineering Bay  
  46  4:08  Factory Tech Lab  
  49  4:17  SCV x2  
  49  4:21  Viking  
  49  4:22  Marine  
  49  4:23  Marine  
  49  4:24  Marauder  
  56  4:28  Supply Depot  
  56  4:29  SCV x2  
  58  4:32  Missile Turret  
  58  4:33  Terran Infantry Weapons Level 1  
  58  4:43  Refinery x2, SCV x2  
  60  4:48  Marine x2  
  60  4:50  Marauder  
  64  4:55  Medivac  
  66  5:00  SCV x2  
  64  5:07  Marine x2  
  66  5:14  Command Center  
  66  5:15  SCV x2  
  68  5:27  Starport Reactor, SCV x2  
  70  5:33  Supply Depot  
  70  5:36  Barracks  
  70  5:38  Barracks  
  70  5:47  Barracks  
  70  5:48  Barracks  
  70  5:54  Combat Shields  
  70  5:55  Marine x2, Marauder, SCV x2  
  76  6:07  SCV x2, Armory  
  76  6:09  Supply Depot  
  78  6:16  Engineering Bay  
  78  6:25  Marine x2, SCV x2  
  78  6:26  Marauder  
  78  6:28  Barracks Tech Lab, Marauder  
  86  6:37  Barracks Tech Lab x2  
  86  6:38  SCV x2  
  86  6:47  Marauder  
  86  6:50  SCV x2  
  90  6:55  Marauder x3  
  90  6:56  Marauder  
  90  6:57  Terran Infantry Weapons Level 2  
  98  7:02  Refinery x2, SCV x2  
  98  7:05  Supply Depot  
  98  7:07  Supply Depot  
  100  7:08  Supply Depot  
  100  7:10  Terran Infantry Armor Level 1  
  100  7:13  Medivac  
  102  7:16  Medivac  
  102  7:20  Orbital Command  
  104  7:23  SCV x2  
  104  7:29  Supply Depot, Marine  
  107  7:34  Marine x2  
  107  7:35  SCV x2  
  111  7:42  Marine x3  
  111  7:43  Marauder  
  116  7:50  Medivac x2  
  120  7:53  Marauder  
  123  7:58  SCV  
  123  8:01  Marauder  
  120  8:07  SCV x2  
  120  8:10  SCV, Missile Turret  
  120  8:11  Supply Depot, Marine x3  
  120  8:12  Ghost Academy  
  126  8:18  Liberator x2  
  126  8:21  Marine x2  
  126  8:22  Marauder  
  130  8:27  SCV x3  
  130  8:28  Marine  
  130  8:29  Marine x2  
  130  8:30  Marauder  
  138  8:39  Marine  
  138  8:40  Marauder  
  147  8:43  Marine  
  147  8:44  Personal Cloaking  
  147  8:46  Marine  
  149  8:49  Supply Depot  
  149  8:50  Marine  
  149  8:51  Supply Depot  
  146  9:01  Liberator x2  
  146  9:02  Ghost x4  
  135  9:04  Marine  
  135  9:05  Marine  
  135  9:08  Marine  
  146  9:22  Marine  
  146  9:23  Marauder  
  155  9:26  Marine  
  155  9:27  Terran Infantry Armor Level 2  
  156  9:31  Marauder  
  156  9:32  Marauder x2  
  162  9:43  Command Center  
  162  9:44  Marine x3  
  162  9:45  Marauder  
  167  9:58  Marine x2  
  167  9:59  Marauder  
  167  10:02  Marine x2  
  167  10:03  Marauder  
  167  10:05  Liberator  
  171  10:07  Supply Depot  
  171  10:08  Supply Depot x2  
  171  10:12  Liberator  
  171  10:27  Marine  
  173  10:28  Ghost x4  
  184  10:43  Marine x2  
  184  10:48  Liberator  
  183  10:50  Marine  
  155  10:57  Marine x2  
  155  10:58  Marauder x2  
  155  11:00  Marine  
  155  11:01  Marauder  
  155  11:08  Marine  
  159  11:15  Marine x2  
  164  11:18  Marine  
  164  11:19  Marauder x2  
  164  11:22  Marine  
  164  11:26  Marine  
  158  11:33  Marine  
Show
View Real Time Build Order
Export as new Build Order

ThisGameSuck Protoss 

Build Orders: 1 Gate Expand, Blink Stalkers 

Get SALT Encoding   

  12  0:01  Probe (Chrono Boost)  
  13  0:11  Probe (Chrono Boost)  
  14  0:17  Pylon  
  14  0:23  Probe (Chrono Boost)  
  15  0:36  Probe (Chrono Boost)  
  15  0:37  Gateway  
  16  0:46  Probe (Chrono Boost)  
  16  0:47  Assimilator  
  18  0:57  Probe (Chrono Boost)  
  18  1:07  Probe (Chrono Boost)  
  19  1:18  Nexus  
  19  1:28  Cybernetics Core  
  19  1:31  Probe (Chrono Boost)  
  20  1:38  Assimilator  
  20  1:42  Probe (Chrono Boost)  
  21  1:47  Pylon  
  21  1:53  Probe (Chrono Boost)  
  22  2:05  Mothership Core (Chrono Boost)  
  24  2:14  Warp Gate  
  24  2:21  Adept  
  26  2:24  Probe (Chrono Boost)  
  27  2:33  Probe (Chrono Boost)  
  27  2:34  Probe (Chrono Boost)  
  29  2:37  Robotics Facility  
  29  2:43  Probe (Chrono Boost)  
  30  2:45  Probe (Chrono Boost)  
  31  2:54  Probe (Chrono Boost)  
  31  2:55  Probe (Chrono Boost)  
  33  3:04  Probe (Chrono Boost)  
  34  3:11  Probe (Chrono Boost)  
  35  3:14  Twilight Council  
  35  3:15  Probe (Chrono Boost)  
  36  3:22  Probe (Chrono Boost)  
  36  3:24  Probe (Chrono Boost), Observer (Chrono Boost), Assimilator  
  36  3:27  Gateway  
  39  3:28  Gateway  
  39  3:33  Probe  
  40  3:34  Probe  
  40  3:41  Pylon  
  41  3:44  Observer (Chrono Boost)  
  41  3:45  Probe x2  
  44  3:51  Blink (Chrono Boost), Pylon  
  44  3:57  Probe  
  44  3:58  Probe  
  46  4:03  Observer  
  46  4:08  Pylon  
  48  4:10  Probe x2  
  49  4:22  Probe x2  
  51  4:26  Observer  
  51  4:30  Stalker x2  
  56  4:33  Stalker  
  56  4:34  Probe x2  
  60  4:41  Nexus  
  60  4:46  Probe x2  
  66  4:58  Assimilator, Probe x2  
  68  5:08  Stalker  
  70  5:15  Probe (Chrono Boost)  
  70  5:17  Pylon, Probe (Chrono Boost)  
  70  5:18  Forge  
  70  5:20  Forge  
  68  5:24  Pylon  
  68  5:26  Probe (Chrono Boost)  
  68  5:28  Pylon  
  69  5:29  Probe (Chrono Boost)  
  69  5:34  Resonating Glaives  
  69  5:35  Observer (Chrono Boost)  
  71  5:39  Gateway x2  
  72  5:43  Gateway  
  72  5:45  Sentry, Gateway  
  72  5:46  Gateway  
  72  5:47  Stalker  
  75  5:51  Stalker  
  75  5:55  Immortal (Chrono Boost)  
  81  5:58  Probe  
  81  5:59  Probe  
  84  6:09  Pylon  
  84  6:10  Sentry, Probe  
  86  6:11  Stalker  
  86  6:16  Protoss Ground Weapons Level 1 (Chrono Boost)  
  88  6:19  Protoss Ground Armor Level 1 (Chrono Boost)  
  88  6:20  Probe  
  88  6:24  Probe x2  
  91  6:26  Pylon  
  91  6:28  Adept, Immortal  
  97  6:42  Adept x3  
  97  6:45  Stalker  
  105  6:53  Probe x2  
  107  6:55  Pylon  
  107  6:57  Pylon  
  107  7:00  Pylon  
  108  7:01  Sentry  
  108  7:04  Adept x2  
  108  7:05  Probe  
  108  7:07  Stalker x2, Warp Prism  
  108  7:08  Stalker  
  120  7:14  Probe  
  120  7:15  Probe  
  123  7:18  Probe  
  123  7:22  Pylon  
  124  7:24  Pylon  
  124  7:26  Probe  
  124  7:28  Assimilator  
  124  7:29  Templar Archives  
  125  7:30  Assimilator  
  125  7:36  Probe  
  126  7:39  Photon Cannon  
  126  7:40  Probe  
  128  7:45  Adept x4  
  128  7:49  Stalker x2  
  128  7:51  Probe  
  140  7:55  Probe  
  140  7:57  Probe  
  142  8:04  Immortal, Protoss Ground Armor Level 2 (Chrono Boost)  
  146  8:15  Pylon, Protoss Ground Weapons Level 2 (Chrono Boost)  
  146  8:16  Pylon  
  146  8:23  Psionic Storm  
  146  8:34  Stalker  
  146  8:35  Adept, Stalker x2  
  146  8:36  Adept x2  
  158  8:41  Zealot x2  
  158  8:43  Immortal  
  158  8:46  Pylon  
  166  8:48  Pylon  
  162  9:11  High Templar  
  162  9:12  High Templar x2  
  162  9:15  Nexus  
  168  9:17  Immortal  
  168  9:22  Pylon  
  172  9:24  Pylon  
  172  9:26  Adept x2  
  172  9:27  Adept x2  
  172  9:28  Pylon  
  180  9:40  Stargate  
  180  9:52  Warp Prism  
  176  9:57  Robotics Bay  
  170  10:04  Assimilator  
  170  10:06  Assimilator  
  170  10:26  Stalker x5  
  176  10:48  Archon  
  170  10:53  Adept x8  
  142  10:58  Immortal  
  120  11:14  Stalker x5  
  120  11:15  Stalker  
  120  11:17  Zealot x2  
  136  11:27  Gateway x2, Robotics Bay  
  136  11:31  Fleet Beacon  
  128  11:39  Stalker x6  
  127  11:40  Stalker  
  127  11:43  Adept  
Tags
 
Add a new tag
Caveats
  • Supply blocks, unpowered buildings, or Contaminate may cause inaccurate times.
  • Supply counts are checked every 10 seconds.